 Dungeon Crawl Stone Soup version 0.30-a0-381-g6ea064c7b4 (webtiles) character file.

Game seed: 15315979176902090972

50 qeuew the Shield-Bearer (level 4, 0/37 HPs)
             Began as a Formicid Fighter on Dec 1, 2022.
             Slain by a goblin
             ... wielding a +0 club
             ... led by Robin
              (4 damage)
             ... on level 3 of the Dungeon.
             The game lasted 00:02:06 (1359 turns).

qeuew the Shield-Bearer (Formicid Fighter)          Turns: 1359, Time: 00:02:09

Health: 0/37       AC:  4    Str: 22    XL:     4   Next: 4%
Magic:  4/4        EV: 11    Int:  8    God:
Gold:   102        SH:  5    Dex: 13    Spells: 3/3 levels left

rFire   . . .      SeeInvis +    a - +0 war axe
rCold   . . .      Faith    .    c - +0 buckler
rNeg    . . .      Spirit   .    e - +0 troll leather armour
rPois   .          Reflect  .    (helmet unavailable)
rElec   .          Harm     .    (no cloak)
rCorr   .          Rampage  .    (no gloves)
Will    .....                    (no boots)
Stlth   +.........               (no amulet)
HPRegen 1.06/turn                (no ring)
MPRegen 0.09/turn                (no ring)

@: mighty
A: permanent stasis, dig shafts and tunnels, antennae 3, four strong arms
a: Dig, Shaft Self


You were on level 3 of the Dungeon.
You visited 1 branch of the dungeon, and saw 3 of its levels.

You collected 102 gold pieces.

Inventory:

Hand Weapons
 a - a +0 war axe (weapon)
Armour
 c - a +0 buckler (worn)
 e - a +0 troll leather armour (worn)
Potions
 b - a potion of invisibility


   Skills:
 + Level 3.6 Fighting
 + Level 2.4 Axes
 + Level 3.7 Armour
 + Level 1.1 Dodging
 + Level 4.5 Shields


You had 3 spell levels left.
You didn't know any spells.
Your spell library contained the following spells:

 Spells                   Type           Power      Damage    Failure   Level
 Cigotuvi's Dreadful Rot  Necr/Pois/Air  0%         N/A       67%         2
 Dispel Undead            Necr           0%         3d6       99%         4
 Death Channel            Necr           0%         N/A       100%        6


Dungeon Overview and Level Annotations

Branches:
Dungeon (3/15)

Altars:

Annotations:
D:3 Robin


Innate Abilities, Weirdness & Mutations

You cannot be hasted, slowed, berserked, paralysed or teleported.
You can dig through walls and to a lower floor.
You have a pair of large antennae on your head. (SInv)
Your four strong arms can wield two-handed weapons with a shield.


Message History

The sling bullet hits you.
Unknown command.
You block Robin's attack. The goblin hits you but does no damage.
The hobgoblin hits you but does no damage.
The goblin unwields a +0 sling.
The goblin wields a +0 dagger.
The goblin hits you with a +0 dagger.
You see here a +0 club.
You barely miss the goblin. You slash the goblin!
You kill the goblin!
You barely miss the goblin. You barely miss the hobgoblin.
You completely miss the hobgoblin.
The hobgoblin no longer looks unusually strong.
The hobgoblin barely misses you. Robin barely misses you.
The goblin hits you with a +0 club. You block the goblin's attack.
Robin throws the goblin at you! You block the hobgoblin's attack.
The hobgoblin misses you. The goblin hits you but does no damage.
You closely miss the goblin. You barely miss the hobgoblin.
You slash the hobgoblin!
You kill the hobgoblin!
You slash the hobgoblin!
You kill the hobgoblin!
You closely miss the goblin. The goblin completely misses you.
Robin barely misses you. The hobgoblin barely misses you.
The goblin hits you with a +0 dagger.
You have reached level 4!
You feel clever. The hobgoblin attacks as you move away!
The hobgoblin completely misses you. Robin hits you with a +0 trident.
* * * LOW HITPOINT WARNING * * *
The goblin hits you with a +0 dagger.
* * * LOW HITPOINT WARNING * * *
You see here a +0 club.
You hit Robin.
Robin is heavily wounded.
You closely miss the goblin. x2
The goblin no longer looks unusually strong.
Robin closely misses you. The goblin hits you with a +0 dagger.
* * * LOW HITPOINT WARNING * * *
The goblin hits you with a +0 club.
You die...

#.......#
#.......##
#[........
#........$
#.........
+.........
#g........
#@g.......
#gg.......
#<....$..#
#####+####


You could see Robin, a hobgoblin (strong) and 2 goblins.

Vanquished Creatures
  An adder (D:2)
  A worm (D:2)
  2 bats
  3 endoplasms
  2 giant cockroaches
  7 goblins
  6 hobgoblins
  2 ball pythons
  4 frilled lizards
  5 kobolds
  3 rats
36 creatures vanquished.

Notes
Turn   | Place    | Note
-------+----------+-------------------------------------------
     0 | D:1      | qeuew the Formicid Fighter began the quest for the Orb.
     0 | D:1      | Reached XP level 1. HP: 18/18 MP: 1/1
   230 | D:1      | Reached XP level 2. HP: 24/24 MP: 2/2
  1016 | D:2      | Reached XP level 3. HP: 29/29 MP: 3/3
  1262 | D:2      | Reached skill level 1 in Dodging
  1343 | D:3      | Noticed Robin
  1358 | D:3      | Reached XP level 4. HP: 13/37 MP: 4/4
  1359 | D:3      | Slain by a goblin

Illustrated notes

Levels and vault maps discovered:
D:1:      psy_arrival_whirlpool, layout_basic, dreamdust_mushroom_princess
D:2:      layout_rooms
D:3:      layout_basic, kennysheep_generic_room_5, uniq_robin

Skill      XL: |  1  2  3 |
---------------+----------+-----
Dodging        | 1 |  1.1
Fighting       | |  3.6
Axes           | |  2.4
Armour         | |  3.7
Shields        | |  4.5

Action                   |  1- 3 |  4- 6 || total
-------------------------+-------+-------++-------
Melee: War axe           |    80 |     1 ||    81
  Use: Scroll            |     8 |       ||     8
       Potion            |     6 |       ||     6
Armor: Troll leather arm |    25 |       ||    25
Dodge: Dodged            |    59 |     2 ||    61
Block: Buckler           |    15 |       ||    15

Table legend: (Time is in decaauts)
 A = Elapsed time spent in this place.
 B = Non-inter-level travel time spent in this place.
 C = Inter-level travel time spent in this place.
 D = Time resting spent in this place.
 E = Time spent auto-exploring this place.
 F = Levels seen in this place.
 G = Mean time per level.
                   A        B        C        D        E       F      G
               +--------+--------+--------+--------+--------+-----+--------+
         Total |   1396 |   1326 |     70 |     28 |   1036 |   3 |  465.3 |
       Dungeon |   1396 |   1326 |     70 |     28 |   1036 |   3 |  465.3 |
               +--------+--------+--------+--------+--------+-----+--------+

Top non-repeatable levels by time:
     D:1: 945 daAuts
     D:2: 431 daAuts
     D:3: 19 daAuts
